 Dungeon Crawl Stone Soup version 0.19.4-9-g45fd643 (webtiles) character file.

95 Rrauwl the Cutter (level 4, -15/31 HPs)
             Began as a Halfling Berserker on Feb 22, 2017.
             Was a Believer of Trog.
             Demolished by an ogre
             ... wielding a +0 giant club
              (27 damage)
             ... on level 2 of the Dungeon.
             The game lasted 00:08:38 (2083 turns).

Rrauwl the Cutter (Halfling Berserker)              Turns: 2083, Time: 00:08:39

Health: -15/31     AC:  8    Str: 18    XL:     4   Next: 97%
Magic:  4/4        EV: 12    Int:  5    God:    Trog [**....]
Gold:   71         SH:  4    Dex: 14    Spells: 0 memorised, 3 levels left

rFire  . . .     SeeInvis .     a - +0 short sword
rCold  . . .     Gourm    .     u - +0 scale mail
rNeg   . . .     Faith    .     n - +0 buckler
rPois  .         Spirit   .     (no helmet)
rElec  .         Reflect  .     m - +0 cloak
rCorr  .         Harm     .     (no gloves)
MR     .....                    i - +0 pair of boots
Stlth  ..........               (no amulet)
                                (no ring)
                                (no ring)

@: no status effects
A: mutation resistance 1
a: Berserk, Trog's Hand, Burn Spellbooks, Renounce Religion


You were on level 2 of the Dungeon.
You worshipped Trog.
Trog was pleased with you.
You were not hungry.

You visited 1 branch of the dungeon, and saw 2 of its levels.

You collected 71 gold pieces.

Inventory:

Hand Weapons
 a - a +0 short sword (weapon)
Missiles
 p - 16 sling bullets
Armour
 i - a +0 pair of boots (worn)
 m - a +0 cloak (worn)
 n - a +0 buckler (worn)
 u - a +0 scale mail (worn)
Scrolls
 e - 2 scrolls of recharging {unknown}
 g - 2 scrolls of blinking {unknown}
 h - a scroll of enchant armour {unknown}
 j - 2 scrolls of identify {unknown}
 k - a scroll of teleportation {unknown}
 l - a scroll of enchant weapon {unknown}
 r - a scroll of remove curse {unknown}
Potions
 d - a potion of magic {unknown}
 q - a potion of brilliance {unknown}
 s - a potion of heal wounds {unknown}
 t - a potion of curing {unknown}
Comestibles
 c - a bread ration
 f - a chunk of flesh
 o - 2 meat rations


   Skills:
 + Level 3.0 Fighting
 + Level 5.4 Short Blades
 - Level 2.1 Armour
 - Level 2.1 Dodging
 + Level 1.6 Stealth
 + Level 1.0 Shields


You had 3 spell levels left.
You didn't know any spells.

Dungeon Overview and Level Annotations

Branches:
Dungeon (2/15)

Altars:
Makhleb
Qazlal


Innate Abilities, Weirdness & Mutations

You are small and have problems with some larger weapons.
You are somewhat resistant to further mutation.


Message History

The ogre is heavily wounded.
The ogre closely misses you.
You hit the ogre.
The ogre is severely wounded.
The ogre misses you.
You hit the ogre.
The ogre is severely wounded.
You hit the ogre but do no damage.
The ogre is severely wounded.
The ogre barely misses you.
You barely miss the ogre.
The ogre is severely wounded.
You block the ogre's attack.
You closely miss the ogre.
The ogre is severely wounded.
You hit the ogre.
The ogre is almost dead.
The ogre hits you with a giant club!!
Ouch! That really hurt!
You die...

#.#####.###.######..#####.#######
#...........# #..# #.#
..........#.######.)# #.#
#######.............#####.#
#..###.###.......##+# ##.# #.#
#.......#.......
#.###'###.......#.......#
#...'_###O......'.......#
#.###'###@..w[..#.......# #.# #.#
#.......#.......#
#.###)###)..#####.......##
#.....(...### .........
#####(..### #####...
###+######### #... #..........#
#... #.w........# #...
#.w........# #...


You could see an ogre and a worm.

Vanquished Creatures
  3 adders (D:2)
  2 worms (D:2)
  4 dart slugs
  3 leopard geckos
  A ball python (D:1)
  4 bats
  6 giant cockroaches
  3 hobgoblins
  2 jackals (D:1)
  5 kobolds
  7 frilled lizards
  7 goblins
  3 rats (D:1)
50 creatures vanquished.

Notes
Turn   | Place    | Note
-------+----------+-------------------------------------------
     0 | D:1      | Rrauwl the Halfling Berserker began the quest for the Orb.
     0 | D:1      | Reached XP level 1. HP: 15/15 MP: 1/1
    25 | D:1      | Reached skill level 4 in Short Blades
    33 | D:1      | Reached XP level 2. HP: 19/20 MP: 2/2
   236 | D:1      | HP: 1/20 [dart slug/slug dart (4)]
   342 | D:1      | Reached XP level 3. HP: 9/25 MP: 3/3
   584 | D:1      | Reached skill level 5 in Short Blades
  1150 | D:2      | Found a burning altar of Makhleb.
  1242 | D:2      | Reached skill level 1 in Stealth
  1435 | D:2      | Found a stormy altar of Qazlal.
  1509 | D:2      | Reached XP level 4. HP: 30/30 MP: 4/4
  1706 | D:2      | Reached skill level 1 in Shields
  1948 | D:2      | Reached ** piety under Trog
  2068 | D:2      | Noticed an ogre
  2083 | D:2      | Demolished by an ogre

Skill      XL: |  1  2  3  4 |
---------------+-------------+-----
Short Blades   | 4 5 |  5.4
Stealth        | 1 |  1.6
Shields        | 1 |  1.0
Fighting       | 3 |  3.0
Armour         | |  2.1
Dodging        | |  2.1

Action                   |  1- 3 |  4- 6 || total
-------------------------+-------+-------++-------
Melee: Short sword       |   143 |    89 ||   232
 Stab: Sleeping          |     1 |     2 ||     3
  Eat: Chunk             |     2 |     2 ||     4
Armor: Animal skin       |    14 |       ||    14
       Scale mail        |       |    24 ||    24
Dodge: Dodged            |    75 |    39 ||   114
Block: Buckler           |     6 |    14 ||    20
